 Dungeon Crawl Stone Soup version 0.30-a0-395-gfe72c296f8 (webtiles) character file.

Game seed: 12356440604187963314

6912 Depression the Carver (level 10, -7/83 HPs)
             Began as a Demigod Wanderer on Dec 7, 2022.
             Mangled by a death knight
             ... wielding a +0 great mace
              (37 damage)
             ... on level 8 of the Dungeon.
             The game lasted 00:56:42 (8776 turns).

Depression the Carver (Demigod Wanderer)            Turns: 8776, Time: 00:56:42

Health: -7/83      AC:  7    Str: 13    XL:     10   Next: 50%
Magic:  0/23       EV: 20    Int: 13    God:
Gold:   156        SH:  0    Dex: 26    Spells: 8/21 levels left

rFire   + . .      SeeInvis .    t - +5 triple sword
rCold   + . .      Faith    .    (shield currently unavailable)
rNeg    + . .      Spirit   .    s - +1 robe {rC+ rF+}
rPois   .          Reflect  .    j - +0 helmet
rElec   .          Harm     .    (no cloak)
rCorr   .          Rampage  .    r - +0 pair of gloves
Will    +....                    P - +1 pair of boots
Stlth   ++........               K - amulet of regeneration
HPRegen 1.13/turn                H - +4 ring of evasion
MPRegen 0.18/turn                B - ring of positive energy {rN+}

@: very slightly contaminated
A: high MP 1, forlorn, divine attributes
a: no special abilities


You were on level 8 of the Dungeon.
You visited 2 branches of the dungeon, and saw 11 of its levels.
You also visited: Ossuary.

You collected 533 gold pieces.
You spent 377 gold pieces at shops.

Inventory:

Hand Weapons
 q - the +7 staff of the Meek {protect, meekguard}
   (You found it on level 3 of the Dungeon)

   It grants its wielder temporary protection when it strikes (+7 to AC).
   It provides extra protection to wielders with little health.
 t - a +5 triple sword (weapon)
Missiles
 a - a curare-tipped dart
 b - 5 silver javelins
 e - 3 boomerangs
 w - a throwing net (quivered)
 y - 13 poisoned darts
Armour
 j - a +0 helmet (worn)
 r - a +0 pair of gloves (worn)
 s - a +1 robe of resistance (worn)
 L - a +0 troll leather armour {regen}
 P - a +1 pair of boots (worn)
Jewellery
 x - a ring of resist corrosion
 B - a ring of positive energy (right hand) {rN+}
 D - an amulet of reflection
 G - a ring of positive energy {rN+}
 H - a +4 ring of evasion (left hand)
 K - an amulet of regeneration (around neck)
Wands
 A - a wand of roots (11)
 J - a wand of polymorph (5)
 Q - a wand of mindburst (3)
Scrolls
 c - a scroll of torment
 h - 4 scrolls of butterflies
 i - 3 scrolls of teleportation
 k - 6 scrolls of immolation
 n - 2 scrolls of vulnerability
 p - 2 scrolls of amnesia
 v - a scroll of magic mapping
 F - a scroll of summoning
 M - a scroll of enchant armour
 N - a scroll of silence {unknown}
 O - a scroll of noise {unknown}
Potions
 f - 2 potions of cancellation {unknown}
 g - 3 potions of brilliance {unknown}
 l - a potion of degeneration {unknown}
 m - 5 potions of mutation {unknown}
 o - 3 potions of curing
 u - a potion of invisibility {unknown}
 z - 2 potions of lignification {unknown}
 C - 3 potions of flight {unknown}
 E - 2 potions of magic {unknown}
 I - 2 potions of haste {unknown}


   Skills:
 - Level 6.0 Fighting
 * Level 8.1 Long Blades
 - Level 5.0 Staves
 - Level 2.0 Armour
 - Level 5.0 Dodging
 + Level 6.4 Spellcasting
 - Level 2.0 Hexes
 - Level 4.0 Necromancy
 - Level 2.0 Translocations
 - Level 4.0 Transmutations
 - Level 2.0 Air Magic


You had 8 spell levels left.
You knew the following spells:

 Your Spells              Type           Power      Damage    Failure   Level
a - Vampiric Draining     Necr           14%        2d7       10%         3
b - Vhi's Electric Charg  Tloc/Air       18%        N/A       22%         3
c - Slow                  Hex            36%        N/A       7%          1
d - Beastly Appendage     Tmut           28%        N/A       3%          1
e - Wereblood             Tmut           14%        N/A       4%          2
f - Spider Form           Tmut/Pois      9%         N/A       22%         3

Your spell library contained the following spells:

 Spells                   Type           Power      Damage    Failure   Level
 Necrotise                Necr           56%        1d6       3%          1
 Dazzling Flash           Conj/Hex       12%        N/A       32%         3
 Agony                    Necr           14%        N/A       65%         5
 Iskenderun's Mystic Bla  Conj/Tloc      6%         2d4       71%         4
 Arcjolt                  Conj/Air       3%         1d13      96%         5
 Fireball                 Conj/Fire      2%         3d4       99%         5
 Iskenderun's Battlesphe  Conj           4%         2d6       99%         5
 Conjure Ball Lightning   Conj/Air       3%         3x3d6     100%        6
 Starburst                Conj/Fire      2%         6d3       100%        6
 Orb of Destruction       Conj           2%         9d5       100%        7
 Maxwell's Capacitive Co  Air            4%         ∞         100%        8


Dungeon Overview and Level Annotations

Branches:
Dungeon (10/15) Zot: 26476  Temple (1/1) D:6 Zot: 5998    Lair (0/5) D:9
    Orc (0/2) D:10        Ossuary (visited)

Shops:
D:2 =   D:3 (   D:9 (

Annotations:
D:4 1 runed translucent door, 1 exclusion, Crazy Yiuf
D:6 Grinder
D:8 Unfinished floor


Innate Abilities, Weirdness & Mutations

You have an increased reservoir of magic. (+10% MP)
You shall have no god before yourself.
Your divine heritage dramatically boosts your attributes as you level up.


Message History

Unknown command.
Casting: Vampiric Draining (dangerous; 10% risk of failure)
Confirm with . or Enter, or press ? or * to list all spells.
Aiming: Vampiric Draining (dangerous; 10% risk of failure)
Press: ? - help, Shift-Dir - straight line, f/p - death knight
Aim: a death knight, wielding a +0 great mace and wearing a +0 chain mail (severely wounded)
You draw life force from the death knight!
You feel life coursing into your body.
* * * LOW MAGIC WARNING * * *
The death knight completely misses you.
Casting: Vampiric Draining (dangerous; 10% risk of failure)
Confirm with . or Enter, or press ? or * to list all spells.
Aiming: Vampiric Draining (dangerous; 10% risk of failure)
Press: ? - help, Shift-Dir - straight line, f/p - death knight
Aim: a death knight, wielding a +0 great mace and wearing a +0 chain mail (severely wounded)
You draw life force from the death knight.
You feel life coursing into your body.
* * * LOW MAGIC WARNING * * *
The death knight completely misses you.
Casting: Vampiric Draining (dangerous; 10% risk of failure)
Confirm with . or Enter, or press ? or * to list all spells.
Aiming: Vampiric Draining (dangerous; 10% risk of failure)
Press: ? - help, Shift-Dir - straight line, f/p - death knight
Aim: a death knight, wielding a +0 great mace and wearing a +0 chain mail (almost dead)
You draw life force from the death knight.
You feel life coursing into your body.
* * * LOW MAGIC WARNING * * *
The death knight offers itself to Yredelemnul, and fills with unholy energy.
Casting: Vampiric Draining (dangerous; 10% risk of failure)
Confirm with . or Enter, or press ? or * to list all spells.
Aiming: Vampiric Draining (dangerous; 10% risk of failure)
Press: ? - help, Shift-Dir - straight line, f/p - death knight
Aim: a death knight, wielding a +0 great mace and wearing a +0 chain mail (almost dead, reflecting injuries)
You draw life force from the death knight!
You feel life coursing into your body.
* * * LOW MAGIC WARNING * * *
The death knight reflects your damage back at you!
* * * LOW HITPOINT WARNING * * *
The death knight hits you with a +0 great mace!!!
You die...

###### ## ###.###### ###
#....####.#.##.##.#.# ..#
#S#.....###.##...##.###. ..#
####.[...z.#W..8...#....
..######## #.#.p...#.z#...#..#...
.........# ####.#....#..8..#....#
##...>...# #.#.#..#....W[.#..#.
.######..############.##p##.#####
..## ##.......#@######...######.
#..# ########p##..# ##.## #..##
##.# ##### ##.#W.p####...####...
#.# #...# ##.##.....§..#........
#.# #.#####.#...####..###..####.
#.###...##.##..........#........
#...#..##.#...##..####...####..#
###.#.#####.#####....##.##....##
####...# ### #####.....######


You could see a death knight (reflects damage).

Vanquished Creatures
  A two-headed ogre (D:10)
  2 gargoyles
  2 kobold demonologists
  3 trolls (D:9)
  2 hornets
  3 wraiths
  2 wyverns
  Menkaure (D:5)
  A water moccasin (D:5)
  4 sky beasts
  4 orc warriors
  An ice beast (D:8)
  An ogre (D:5)
  2 centaurs
  An elf zombie (Ossuary)
  A necrophage (D:7)
  2 kobold brigands
  A gnoll sergeant (D:9)
  2 bullfrogs (D:7)
  4 scorpions
  4 wights (D:7)
  4 killer bees (D:7)
  A howler monkey (D:8)
  3 hounds
  A jelly (D:4)
  4 orc priests
  3 gnoll boudas
  5 iguanas
  7 orc wizards
  3 mummies (Ossuary)
  Robin (D:2)
  18 gnolls
  8 adders
  2 shadow imps
  2 white imps
  2 ufetubi
  A worm (D:2)
  2 dart slugs
  24 orcs
  4 ball pythons
  5 bats
  5 endoplasms
  3 giant cockroaches
  A gnoll zombie (Ossuary)
  12 goblins
  7 hobgoblins
  9 jackals
  4 quokkas
  2 frilled lizards
  3 goblin zombies (Ossuary)
  2 hobgoblin zombies (Ossuary)
  23 kobolds
  3 kobold zombies
  11 rats
229 creatures vanquished.

Vanquished Creatures (others)
  A fungus (D:4)
  53 plants (D:7)
54 creatures vanquished.

Grand Total: 283 creatures vanquished

Notes
Turn   | Place    | Note
-------+----------+-------------------------------------------
     0 | D:1      | Depression the Demigod Wanderer began the quest for the
                  | Orb.
     0 | D:1      | Depression set off with the following items: a +2 falchion,
                  | a +0 scale mail, a potion of berserk rage; and the
                  | following spell memorised: Slow; and the following spells
                  | available to memorise: Dazzling Flash.
     0 | D:1      | Reached XP level 1. HP: 14/14 MP: 4/4
    44 | D:1      | Reached skill level 2 in Armour
    44 | D:1      | Reached skill level 2 in Hexes
   131 | D:1      | Reached XP level 2. HP: 13/20 MP: 5/5
   349 | D:1      | Reached skill level 5 in Long Blades
   602 | D:2      | Reached skill level 1 in Fighting
   655 | D:2      | Found Tuinnui's Jewellery Emporium.
   746 | D:2      | Reached XP level 3. HP: 28/28 MP: 6/6
   995 | D:3      | Noticed Robin
  1043 | D:3      | Found the +7 staff of the Meek {protect, meekguard}
  1163 | D:2      | Killed Robin
  1164 | D:2      | Reached skill level 1 in Dodging
  1179 | D:2      | Reached skill level 2 in Fighting
  1267 | D:2      | Reached XP level 4. HP: 17/36 MP: 8/8
  1508 | D:3      | Found Jiagaal's Antique Weapon Boutique.
  1745 | D:3      | Reached skill level 2 in Dodging
  1925 | D:3      | Learned a level 3 spell: Vhi's Electric Charge
  1984 | D:4      | Reached skill level 3 in Fighting
  1984 | D:4      | Reached XP level 5. HP: 41/45 MP: 9/9
  2045 | D:4      | HP: 8/45 [scorpion (5)]
  2048 | D:4      | Reached skill level 1 in Staves
  2226 | D:4      | Reached skill level 1 in Translocations
  2229 | D:4      | Reached skill level 1 in Air Magic
  2233 | D:4      | Reached XP level 6. HP: 44/51 MP: 10/10
  2627 | D:4      | Found a runed translucent door.
  2628 | D:4      | Noticed Crazy Yiuf
  2860 | D:5      | Entered Level 5 of the Dungeon
  2918 | D:5      | Found a sand-covered staircase.
  3007 | Ossuary  | Entered an ossuary
  3007 | Ossuary  | Noticed a wraith
  3007 | Ossuary  | Noticed a wraith
  3007 | Ossuary  | Noticed a wraith
  3157 | Ossuary  | Reached skill level 4 in Fighting
  3356 | Ossuary  | Reached skill level 2 in Staves
  3458 | Ossuary  | Noticed a wraith
  3484 | Ossuary  | HP: 11/52 [wraith (7)]
  3487 | Ossuary  | Killed a wraith
  3488 | Ossuary  | Reached skill level 2 in Spellcasting
  3488 | Ossuary  | Reached skill level 2 in Translocations
  3488 | Ossuary  | Reached skill level 2 in Air Magic
  3488 | Ossuary  | Reached XP level 7. HP: 11/60 MP: 13/13
  3636 | D:5      | Noticed Menkaure
  3648 | D:5      | Killed Menkaure
  3649 | D:5      | Reached skill level 5 in Fighting
  3797 | D:5      | Reached skill level 3 in Staves
  3944 | D:5      | Reached skill level 4 in Staves
  4033 | D:5      | Reached skill level 1 in Necromancy
  4388 | D:6      | Reached XP level 8. HP: 68/68 MP: 14/14
  4530 | D:6      | Reached skill level 5 in Staves
  4530 | D:6      | Reached skill level 2 in Necromancy
  4534 | D:6      | Learned a level 3 spell: Vampiric Draining
  4697 | D:6      | Found a staircase to the Ecumenical Temple.
  4706 | Temple   | Entered the Ecumenical Temple
  4769 | D:6      | Reached skill level 3 in Spellcasting
  4769 | D:6      | Reached skill level 3 in Necromancy
  4903 | D:6      | Noticed Grinder
  5117 | D:6      | Reached skill level 4 in Necromancy
  5262 | D:7      | Reached skill level 4 in Spellcasting
  5424 | D:7      | Reached skill level 6 in Fighting
  5460 | D:7      | Reached XP level 9. HP: 73/75 MP: 17/19
  5647 | D:7      | Reached skill level 3 in Dodging
  5647 | D:7      | Reached skill level 5 in Spellcasting
  5848 | D:7      | Reached skill level 4 in Dodging
  6072 | D:7      | Learned a level 1 spell: Beastly Appendage
  6075 | D:7      | Learned a level 2 spell: Wereblood
  6402 | D:7      | Noticed a gargoyle
  6413 | D:7      | HP: 24/112 [gargoyle/stone arrow (9)]
  6417 | D:7      | Killed a gargoyle
  6418 | D:7      | Reached skill level 6 in Spellcasting
  6418 | D:7      | Reached skill level 1 in Transmutations
  6820 | D:8      | Found a runed translucent door.
  6850 | D:8      | Reached skill level 2 in Transmutations
  6853 | D:8      | Reached skill level 5 in Dodging
  6868 | D:8      | Noticed a death knight
  7006 | D:8      | HP: 16/75 [death knight/+0 great mace (12)]
  7222 | D:9      | Reached skill level 3 in Transmutations
  7466 | D:9      | Found Oseomna's Antique Weapon Shoppe.
  7485 | D:9      | Reached skill level 4 in Transmutations
  7537 | D:9      | Bought a runed triple sword for 377 gold pieces
  7672 | D:8      | Noticed a phantasmal warrior
  7674 | D:8      | Noticed a skeletal warrior
  7920 | D:9      | Reached XP level 10. HP: 59/83 MP: 22/22
  8001 | D:9      | Found a staircase to the Lair.
  8139 | D:9      | Reached skill level 6 in Long Blades
  8284 | D:10     | Entered Level 10 of the Dungeon
  8289 | D:10     | Found a staircase to the Orcish Mines.
  8303 | D:10     | Noticed a tengu warrior
  8303 | D:10     | Noticed a cyan ugly thing
  8304 | D:10     | Noticed a cyclops
  8342 | D:10     | Noticed a smoke demon
  8343 | D:10     | Reached skill level 7 in Long Blades
  8422 | D:10     | Learned a level 3 spell: Spider Form
  8543 | D:10     | Noticed a two-headed ogre
  8574 | D:10     | Killed a two-headed ogre
  8575 | D:10     | Reached skill level 8 in Long Blades
  8624 | D:10     | HP: 17/83 [tengu warrior/+0 great mace (5)]
  8626 | D:10     | HP: 8/83 [tengu warrior/+0 great mace (18)]
  8751 | D:8      | Noticed a phantasmal warrior
  8771 | D:8      | HP: 13/83 [death knight/+0 great mace (27)]
  8776 | D:8      | Mangled by a death knight

Illustrated notes

Levels and vault maps discovered:
D:1:      dpeg_arrival_solitude, layout_rooms
D:2:      layout_rooms, serial_shops, nicolae_shop_behind_doors, basic_altar,
          serial_bayou_crossing
D:3:      layout_rooms, serial_shops, nicolae_shop_window_shopping, uniq_robin
D:4:      layout_loops_cross, mainiacjoe_overflow_six_doors_small,
          uniq_crazy_yiuf_cottage
D:5:      layout_basic, lightli_ossuary_entry_decrepit_ruins,
          kennysheep_small_circle, uniq_menkaure
D:6:      layout_loops_cross, temple_hall, uniq_grinder
D:7:      kb_forest_paths, layout_basic, nzn_wu_jian_contemplation,
          beargit_hepliaklqana_dungeon_heroes, lemuel_doored_altar,
          mainiacjoe_overflow_catwalk, serial_bayou, serial_bayou_pond_b,
          serial_bayou_lagoon_a, serial_bayou_pond_d
D:8:      wad_crossroads, layout_rooms, dk_yredelemnul_ordeal
D:9:      layout_long_grid, fedhas_altar_2, lair_entry_dummy, serial_shops,
          nicolae_shop_hallway_stairs, chequers_serial_rivers_micro_e
D:10:     minmay_the_grid_octo_tiled_squarecenter
          [minmay_the_grid_octo_tetromino_candy,
          minmay_the_grid_octo_concentric, minmay_the_grid_octo_thin_diamonds,
          minmay_the_grid_octo_checkered,
          minmay_the_grid_square_5x5_megaprize_checkered,
          minmay_the_grid_square_5x5_checkered_statues,
          minmay_the_grid_square_5x5_plus,
          minmay_the_grid_square_5x5_three_walls,
          minmay_the_grid_square_5x5_six], layout_loops_cross,
          grunt_ministairs_11, grunt_tough_drop
Temple:   bh_familiar_temple

Skill      XL: |  1  2  3  4  5  6  7  8  9 10 |
---------------+-------------------------------+-----
Armour         | 2 |  2.0
Hexes          | 2 |  2.0
Long Blades    | 5 8 |  8.1
Fighting       | 1 2 3 4 5 6 |  6.0
Dodging        | 1 2 5 |  5.0
Staves         | 1 2 4 5 |  5.0
Translocations | 1 2 |  2.0
Air Magic      | 1 2 |  2.0
Spellcasting   | 2 4 6 |  6.4
Necromancy     | 1 4 |  4.0
Transmutations | 4 |  4.0

Action                   |  1- 3 |  4- 6 |  7- 9 | 10-12 || total
-------------------------+-------+-------+-------+-------++-------
Melee: Falchion          |   147 |    25 |       |       ||   172
       Quarterstaff      |       |   187 |   349 |       ||   536
       Triple sword      |       |       |     4 |    49 ||    53
       Unarmed           |       |       |       |     2 ||     2
 Cast: Slow              |       |       |     6 |     3 ||     9
       Vampiric Draining |       |       |    16 |    17 ||    33
       Beastly Appendage |       |       |     1 |     1 ||     2
       Vhi's Electric Ch |       |       |     1 |       ||     1
       Spider Form       |       |       |       |     1 ||     1
       Wereblood         |       |       |       |     1 ||     1
Evoke: Wand              |       |       |     5 |     2 ||     7
  Use: Potion            |       |     2 |     1 |       ||     3
       Scroll            |       |       |    13 |     2 ||    15
 Stab: Sleeping          |       |     3 |     5 |       ||     8
       Distracted        |       |       |     1 |       ||     1
Armor: Scale mail        |   114 |    25 |       |       ||   139
       Robe              |       |    83 |    94 |    19 ||   196
Dodge: Dodged            |    98 |   130 |   254 |    80 ||   562
Block: Other             |       |     3 |    99 |     2 ||   104
       Reflection        |       |       |     2 |       ||     2

Table legend: (Time is in decaauts)
 A = Elapsed time spent in this place.
 B = Non-inter-level travel time spent in this place.
 C = Inter-level travel time spent in this place.
 D = Time resting spent in this place.
 E = Time spent auto-exploring this place.
 F = Levels seen in this place.
 G = Mean time per level.
                   A        B        C        D        E       F      G
               +--------+--------+--------+--------+--------+-----+--------+
         Total |   8969 |   8714 |    255 |   1599 |   2725 |  12 |  747.4 |
       Dungeon |   8287 |   8032 |    255 |   1559 |   2409 |  10 |  828.7 |
        Temple |      1 |      1 |      0 |      0 |      0 |   1 |    1.0 |
       Ossuary |    680 |    680 |      0 |     40 |    315 |   1 |  680.0 |
               +--------+--------+--------+--------+--------+-----+--------+

Top non-repeatable levels by time:
     D:7: 1643 daAuts
     D:9: 1186 daAuts
     D:4: 928 daAuts
     D:6: 867 daAuts
     D:5: 844 daAuts
     D:2: 766 daAuts
 Ossuary: 680 daAuts
     D:1: 636 daAuts
     D:3: 574 daAuts
     D:8: 471 daAuts
    D:10: 367 daAuts
  Temple: 1 daAuts
